 Dungeon Crawl Stone Soup version 0.22.1-2-g9c5b331383 (webtiles) character file.

403 Ihlosi the Slasher (level 7, -1/52 HPs)
             Began as a Human Gladiator on Nov 23, 2018.
             Slain by a bog mummy (10 damage)
             ... in an ossuary.
             The game lasted 00:07:52 (4129 turns).

Ihlosi the Slasher (Human Gladiator)                Turns: 4129, Time: 00:07:53

Health: -1/52      AC:  5    Str: 15    XL:     7   Next: 11%
Magic:  7/7        EV: 14    Int:  8    God:
Gold:   206        SH:  0    Dex: 16    Spells: 6/6 levels left

rFire    . . .     SeeInvis .   a - +1 long sword
rCold    . . .     Gourm    .   (no shield)
rNeg     + . .     Faith    .   b - +0 leather armour
rPois    .         Spirit   .   c - +1 helmet
rElec    .         Reflect  .   (no cloak)
rCorr    .         Harm     .   (no gloves)
MR       .....                  (no boots)
Stlth    ++........             (no amulet)
HPRegen  0.17/turn              l - ring of positive energy (curse)
MPRegen  0.10/turn              (no ring)

@: slowed, drained, very slow
A: no striking features
a: no special abilities


You were in an ossuary.
You were not hungry.

You visited 1 branch of the dungeon, and saw 5 of its levels.
You also visited: Ossuary.

You collected 206 gold pieces.

Inventory:

Hand Weapons
 a - a +1 long sword (weapon)
Missiles
 d - 2 throwing nets (quivered)
 h - 49 bolts
 n - 6 poisoned needles
Armour
 b - a +0 leather armour (worn)
 c - a +1 helmet (worn)
Jewellery
 l - a cursed ring of positive energy (left hand)
 m - an uncursed ring of fire
 q - an uncursed amulet of faith
Scrolls
 e - 3 scrolls of remove curse
 g - a scroll of blinking
 k - 2 scrolls of enchant armour
 p - a scroll of amnesia
 r - a scroll of identify
 s - a scroll of enchant weapon
Potions
 i - a potion of resistance
 j - 3 potions of mutation
 o - 2 potions of degeneration {unknown}
Comestibles
 f - 6 rations


   Skills:
 * Level 3.6(3.4) Fighting
 + Level 4.8(4.7) Long Blades
 - Level 2.0(1.9) Throwing
 * Level 2.9(2.8) Armour
 * Level 4.3(4.2) Dodging
 - Level 1.0(0.9) Stealth


You had 6 spell levels left.
You didn't know any spells.
Your spell library was empty.

Dungeon Overview and Level Annotations

Branches:
Dungeon (5/15)             Temple (0/1) D:5

Altars:
Ru
Sif Muna
Xom
Zin

Shops:
D:4 %

Annotations:
D:4 Edmund


Message History

The bog mummy casts a spell at you. You resist with some effort.
You hit the bog mummy.
The bog mummy is almost destroyed.
The bog mummy points at you and mumbles some strange words.
The puff of frost misses you.
You barely miss the bog mummy.
The bog mummy is almost destroyed.
The bog mummy casts a spell at you. The puff of frost hits you!
The bog mummy casts a spell at you. The puff of frost hits you!
Unknown command.
You closely miss the bog mummy.
The bog mummy is almost destroyed.
The bullfrog zombie hits you but does no damage. x2
The bog mummy hits you!
* * * LOW HITPOINT WARNING * * *
The bog mummy hits you!
You die...

≈≈ ≈# ## ###
Z## #≈ .ZP≈
≈P#.#
≈≈.≈.#≈≈≈#+#
≈≈≈Z.≈≈≈≈≈.+
##'## #.MM#
#.Z@# #∩..#
#####


You could see 2 bog mummies, an adder zombie (wandering) and a bullfrog zombie.

Vanquished Creatures
  4 wights (D:4)
  A centaur skeleton (D:4)
  3 worker ants
  A howler monkey zombie (Ossuary)
  5 adders
  An ooze (D:4)
  An adder skeleton (D:5)
  2 dart slugs (D:1)
  3 worms
  A leopard gecko (D:2)
  5 giant cockroaches
  8 hobgoblins
  6 jackals
  3 quokkas
  2 ball pythons (D:1)
  6 bats
  2 frilled lizards
  2 goblins (D:2)
  6 kobolds
  6 rats
68 creatures vanquished.

Vanquished Creatures (others)
  A withered plant (Ossuary)
1 creature vanquished.

Grand Total: 69 creatures vanquished

Notes
Turn   | Place    | Note
-------+----------+-------------------------------------------
     0 | D:1      | Ihlosi the Human Gladiator began the quest for the Orb.
     0 | D:1      | Reached XP level 1. HP: 16/16 MP: 1/1
   356 | D:1      | Reached XP level 2. HP: 22/22 MP: 2/2
   888 | D:2      | Reached XP level 3. HP: 27/27 MP: 3/3
   959 | D:2      | Reached skill level 1 in Stealth
  1321 | D:2      | Reached skill level 1 in Armour
  1500 | D:2      | Reached XP level 4. HP: 34/34 MP: 4/4
  2081 | D:3      | Reached XP level 5. HP: 39/39 MP: 5/5
  2825 | D:4      | Reached XP level 6. HP: 7/46 MP: 6/6
  3860 | D:4      | Found Piodgh's Food Emporium.
  3939 | D:4      | Reached XP level 7. HP: 43/52 MP: 7/7
  3960 | D:4      | Found a shimmering altar of Xom.
  3960 | D:4      | Found a deep blue altar of Sif Muna.
  3960 | D:4      | Found a glowing silver altar of Zin.
  3960 | D:4      | Found a sacrificial altar of Ru.
  3960 | D:4      | Noticed Edmund
  3997 | D:5      | Entered Level 5 of the Dungeon
  4092 | D:5      | Found a sand-covered staircase.
  4101 | Ossuary  | Entered an ossuary
  4129 | Ossuary  | Slain by a bog mummy

Skill      XL: |  1  2  3  4  5  6 |
---------------+-------------------+-----
Stealth        | 1 |  1.0
Armour         | 1 2 |  2.9
Long Blades    | 4 |  4.8
Fighting       | 3 |  3.6
Dodging        | 4 |  4.3
Throwing       | |  2.0

Action                   |  1- 3 |  4- 6 |  7- 9 || total
-------------------------+-------+-------+-------++-------
Melee: Long sword        |    81 |   124 |    22 ||   227
Throw: Throwing net      |       |     5 |       ||     5
  Use: Scroll            |     7 |     3 |     1 ||    11
       Potion            |     3 |     2 |       ||     5
 Stab: Sleeping          |     1 |     4 |     1 ||     6
       Distracted        |     1 |       |       ||     1
  Eat: Chunk             |     2 |     4 |       ||     6
       Ration            |       |     1 |     1 ||     2
Armor: Leather armour    |    17 |    20 |     5 ||    42
       Ring mail         |     2 |       |       ||     2
Dodge: Dodged            |    70 |    85 |    16 ||   171
       Rpst.: Long sword |    22 |    23 |     4 ||    49
